 Dungeon Crawl Stone Soup version 0.29-a0-341-g24ffce5b50 (webtiles) character file.

Game seed: 18281947265729148086

1 spaghetti the Caller (level 1, 0/13 HPs)
             Began as a Demonspawn Summoner on Apr 20, 2022.
             Slain by a jackal (2 damage)
             ... on level 1 of the Dungeon.
             The game lasted 00:00:30 (63 turns).

spaghetti the Caller (Demonspawn Summoner)            Turns: 63, Time: 00:00:31

Health: 0/13       AC:  2    Str:  8    XL:     1   Next: 16%
Magic:  2/3        EV: 12    Int: 16    God:
Gold:   12         SH:  0    Dex: 13    Spells: 3/4 levels left

rFire   . . .      SeeInvis .   (no weapon)
rCold   . . .      Faith    .   (no shield)
rNeg    . . .      Spirit   .   a - +0 robe
rPois   .          Reflect  .   (no helmet)
rElec   .          Harm     .   (no cloak)
rCorr   .          Rampage  .   (no gloves)
Will    .....                   (no boots)
Stlth   ++........              (no amulet)
HPRegen 0.04/turn               (no ring)
MPRegen 0.08/turn               (no ring)

@: no status effects
A: no striking features
a: no special abilities


You were on level 1 of the Dungeon.
You visited 1 branch of the dungeon, and saw 1 of its levels.

You collected 12 gold pieces.


   Skills:
 - Level 1.7 Dodging
 - Level 1.7 Stealth
 - Level 2.0 Spellcasting
 + Level 4.0 Summonings


You had 3 spell levels left.
You knew the following spells:

 Your Spells              Type           Power      Damage    Failure   Level
a - Summon Small Mammal   Summ           56%        N/A       4%          1

Your spell library contained the following spells:

 Spells                   Type           Power      Damage    Failure   Level
 Call Imp                 Summ           14%        N/A       6%          2
 Call Canine Familiar     Summ           14%        N/A       12%         3
 Summon Guardian Golem    Hex/Summ       8%         N/A       26%         3
 Summon Lightning Spire   Summ/Air       8%         N/A       65%         4

Inventory:

Armour
 a - a +0 robe (worn)

Dungeon Overview and Level Annotations

Branches:
Dungeon (1/15)

Altars:

#≈#≈###≈# #≈≈≈≈≈≈##
.... #######≈#......
#≈≈≈##..#... ###
#≈##≈#....# ... ..
#.#....#
##.#######'#....#
.......[.......#
........r@.....#
#####.##gh..######.
#.......b##........
.......################
....... ##.##.. .. ##.
. ##


You could see a jackal, a hobgoblin (ally target), a friendly quokka (summoned)
and a friendly bat (summoned).


Message History

Your bat hits the jackal. The jackal barely misses your bat.
The jackal bites your bat.
Your bat dies!
Your bat's corpse disappears in a puff of smoke!
Your bat misses the jackal.
Your bat hits the jackal but does no damage.
The jackal misses your bat. x2; Your bat misses the jackal.
Your bat closely misses the jackal.
The jackal closely misses your bat. The jackal completely misses your bat.
Your bat misses the jackal. You closely miss the jackal.
Your bat closely misses the jackal.
The jackal misses you. The jackal bites you. 😕 HP[-3]
You take 3 damage, and now have 10/13 hp.
MASSIVE DAMAGE!! (PAUSE)
You hit the jackal but do no damage. The jackal bites you.
The jackal closely misses you.
Your bat barely misses the jackal.
The jackal bites you but does no damage. 😮 HP[-1]
You take 1 damage, and now have 9/13 hp.
Casting: Summon Small Mammal (safe; 4% risk of failure)
Confirm with . or Enter, or press ? or * to list all spells.
You don't have enough magic to cast this spell.
You hit the jackal but do no damage.
Your bat hits the jackal but does no damage.
The jackal closely misses you. The jackal closely misses your bat.
The jackal closely misses you.
You hit the jackal but do no damage. Your bat misses the jackal.
The jackal bites you. The jackal closely misses you. 😮 HP[-2]
You take 2 damage, and now have 7/13 hp.
You hit the jackal but do no damage. The jackal barely misses you.
The jackal bites you.
* * * LOW HITPOINT WARNING * * *
Your bat hits the jackal but does no damage.
The jackal barely misses you. x2 😨 HP[-1]
You take 1 damage, and now have 6/13 hp.
Magic courses through your body.
Your bat hits the jackal but does no damage. x2
The jackal bites you.
* * * LOW HITPOINT WARNING * * *
The jackal barely misses you. 😨 HP[-2] MP[+3]
You take 2 damage, and now have 4/13 hp.
Your mp is fully restored (3).
Casting: Summon Small Mammal (safe; 4% risk of failure)
Confirm with . or Enter, or press ? or * to list all spells.
The jackal misses you.
Your bat hits the jackal but does no damage.
The jackal bites you but does no damage.
The jackal closely misses you.
You aren't carrying any scrolls.
Unknown command.
You barely miss the jackal.
Your bat barely misses the jackal.
The jackal misses you.
Your bat hits the jackal but does no damage. x2
The jackal bites your bat. The jackal barely misses you.
Your bat closely misses the jackal.
Okay, then.
You hit the jackal but do no damage. Your bat misses the jackal.
Your bat hits the jackal.
The jackal dies!
The hobgoblin closely misses your bat. The jackal closely misses you.
You hit the jackal but do no damage. The jackal closely misses you.
Your bat hits the hobgoblin but does no damage.
The hobgoblin hits your bat.
Your bat dies!
Your bat's corpse disappears in a puff of smoke!
The jackal closely misses you.
Casting: Summon Small Mammal (safe; 4% risk of failure)
Confirm with . or Enter, or press ? or * to list all spells.
Your bat hits the jackal but does no damage.
Your bat completely misses the hobgoblin.
The hobgoblin closely misses your bat.
The jackal bites you but does no damage.
Your bat hits the hobgoblin. 😨 MP[-1]
You lost 1 mp, and now have 2/3 mp.
The jackal attacks as you move away! The jackal bites you.
* * * LOW HITPOINT WARNING * * *
Your bat barely misses the jackal.
Your bat barely misses the hobgoblin.
The hobgoblin hits your bat.
Your quokka bites the jackal but does no damage. 😱 HP[-2]
You take 2 damage, and now have 2/13 hp.
You hit the jackal but do no damage. Your bat misses the hobgoblin.
The jackal barely misses you.
Your bat completely misses the jackal.
Your quokka closely misses the hobgoblin.
The jackal barely misses you.
Your bat hits the jackal but does no damage.
You hit the jackal.
Your bat barely misses the hobgoblin.
Your bat hits the hobgoblin but does no damage.
The hobgoblin barely misses your quokka.
The jackal barely misses you.
Your quokka closely misses the hobgoblin.
Your bat hits the jackal but does no damage.
You hit the jackal but do no damage.
Your bat hits the hobgoblin but does no damage.
The jackal bites you.
You die...

Action                   || total
-------------------------++-------
Melee: Unarmed           ||    11
 Cast: Summon Small Mamm ||     6
  Use: Potion            ||     1
Armor: Robe              ||     4
Dodge: Dodged            ||    26

Levels and vault maps discovered:
D:1:      ncdulo_wetmaze, layout_rooms, serial_forest,
          infiniplex_forest_lined_3, infiniplex_forest_corner_1,
          infiniplex_forest_fountain, infiniplex_forest_clump_curved,
          infiniplex_forest_zigzag_2, infiniplex_forest_lined_ring,
          infiniplex_forest_end_3

Notes
Turn   | Place    | Note
-------+----------+-------------------------------------------
     0 | D:1      | spaghetti the Demonspawn Summoner began the quest for the
                  | Orb.
     0 | D:1      | Reached XP level 1. HP: 13/13 MP: 3/3
     0 | D:1      | magus.rc [v1.9.6]
    60 | D:1      | HP: 2/13 [jackal (2)]
    63 | D:1      | Slain by a jackal

Vanquished Creatures (collateral kills)
  A jackal (D:1)
1 creature vanquished.

Table legend:
 A = Non-vault XP
 B = Vault XP
 C = Vault XP percentage of total XP
 D = Non-vault monster count
 E = Vault monster count
 F = Vault count percentage of total count
                 A         B        C        D         E       F
            +---------+---------+-------+---------+---------+-------
      Total |       2 |       0 |   0.0 |       1 |       0 |   0.0
            +---------+---------+-------+---------+---------+-------
        D:1 |       2 |       0 |   0.0 |       1 |       0 |   0.0
            +---------+---------+-------+---------+---------+-------

Illustrated notes

Table legend:
 A = Kills in this place as a percentage of kills in entire the game.
 B = Kills by you in this place as a percentage of kills by you in the entire game.
 C = Kills by friends in this place as a percentage of kills by friends in the entire game.
 D = Other kills in this place as a percentage of other kills in the entire game.
 E = Experience gained in this place as a percentage of experience gained in the entire game.
 F = Experience gained in this place divided by the number of levels of this place that you have seen.
                   A       B       C       D       E      F
               +-------+-------+-------+-------+-------+----------------------
         Total | 100.0 |   N/A | 100.0 |   N/A | 100.0 |   2.0
       Dungeon | 100.0 |   N/A | 100.0 |   N/A | 100.0 |   2.0
               +-------+-------+-------+-------+-------+----------------------

Table legend: (Time is in decaauts)
 A = Elapsed time spent in this place.
 B = Non-inter-level travel time spent in this place.
 C = Inter-level travel time spent in this place.
 D = Time resting spent in this place.
 E = Time spent auto-exploring this place.
 F = Levels seen in this place.
 G = Mean time per level.
                   A        B        C        D        E       F      G
               +--------+--------+--------+--------+--------+-----+--------+
         Total |     70 |     70 |      0 |      0 |     36 |   1 |   70.0 |
       Dungeon |     70 |     70 |      0 |      0 |     36 |   1 |   70.0 |
               +--------+--------+--------+--------+--------+-----+--------+

Top non-repeatable levels by time:
     D:1: 70 daAuts
